Cogmind - Beta 11 X2 --- EXPLORER MODE // 2021.03.13 @ 02:29:05 Player: Krytoss Result: Destroyed by S-27 Virus with Autogun Performance ------------- Evolutions (6) 3000 Regions Visited (15) 3000 Robots Destroyed (219) 1095 Value Destroyed (8711) 8711 Prototype IDs (36) 720 Alien Tech Used (0) 0 Bonus (4776) 4776 TOTAL SCORE: 21302 Bonus ------- Follower Combat Kills 105 Aligned with FarCom 300 Met Warlord at Base 500 MAIN.C Attacked Warlord 500 Warlord Defense Kill 3452 Friendly Fire -81 Cogmind --------- Core Integrity 0/1150 Matter 300/300 Energy 99/100 System Corruption 0% Temperature Cool (0) Movement Core (50) Location -4/Warlord Parts ------- > --- POWER (2) -------- (None) > --- PROPULSION (4) --- (None) > --- UTILITY (10) ----- (None) > --- WEAPON (4) ------- (None) > --- INVENTORY (5) ---- Plasma Storm Peak State ------------ > --- POWER ------------ Reinforced Fission Core Micro Fission Core > --- PROPULSION ------- Heavy Treads Heavy Treads > --- UTILITY ---------- Improved Cryofiber Web Advanced Heat Sink Advanced Heat Sink Huge Storage Unit Enhanced Optical Array Advanced Targeting Computer Advanced Targeting Computer Advanced Targeting Computer Hardened Light Armor Plating Layered Medium Armor Plating > --- WEAPON ----------- Cooled Phase Gun Vortex Shotgun Enhanced Gauss Cannon Heavy Shock Bomb Launcher > --- INVENTORY -------- Light Antimatter Reactor Light Quantum Reactor Advanced Treads Armored Medium Treads Enhanced Armored Medium Treads Advanced Heat Sink Advanced Heat Sink Improved Cooling System High-capacity Storage Unit Energy Filter Advanced ECM Suite Hardened Light Armor Plating High-powered Electrolaser Plasma Storm Guided Plasma Cannon Mass Driver Enhanced Gauss Cannon Heavy Gauss Cannon Improved Proton Missile Launcher Precision Grenade Launcher Chainsword [Rating: 116] Favorites ----------- Power Light Nuclear Core Engine Improved Ion Engine Power Core Light Nuclear Core Propulsion Improved Treads Treads Improved Treads Leg Aluminum Leg Wheel Armored Wheel Utility Improved Heat Sink Device Improved Heat Sink Storage High-capacity Storage Unit Processor Advanced Targeting Computer Protection Hardened Medium Armor Plating Weapon Advanced Beam Cannon Energy Gun High-powered Electrolaser Energy Cannon Advanced Beam Cannon Ballistic Gun Assault Rifle Ballistic Cannon Enhanced Gauss Cannon Launcher Improved Grenade Launcher Impact Weapon Maul Slashing Weapon Katana Build | -11 -10 -10 -9 -9 -9 -8 -8 -8 -7 -6 -5 -4 -4 -4 -4 ------- Run | Scr Mat Min Mat Min Exi Min Mat Sto Fac Fac Fac Fac Upp Upp War Slots Evolved 13 | . 1 . 2 . . . 2 . 2 2 2 2 . . . Power 1 | . . . . . . . . . . 1 . . . . . Propulsion 2 | . 1 . . . . . . . 1 . . . . . . Utility 8 | . . . 1 . . . 2 . 1 1 2 1 . . . Weapon 2 | . . . 1 . . . . . . . . 1 . . . Parts Attached 192 | . 11 1 27 1 7 1 17 20 36 8 20 17 2 6 18 Power 14 | . 1 . 2 . . . . 2 4 1 4 . . . . Engine 3 | . 1 . 1 . . . . . 1 . . . . . . Core 11 | . . . 1 . . . . 2 3 1 4 . . . . Reactor . | . . . . . . . . . . . . . . . . Propulsion 32 | . 4 . 5 . . . 3 6 9 . . 3 . . 2 Treads 27 | . 1 . 3 . . . 3 6 9 . . 3 . . 2 Leg . | . . . . . . . . . . . . . . . . Wheel 5 | . 3 . 2 . . . . . . . . . . . . Hover . | . . . . . . . . . . . . . . . . Flight . | . . . . . . . . . . . . . . . . Utility 64 | . 1 . 8 . 3 . 9 1 15 5 7 9 1 1 4 Device 27 | . . . 1 . . . 3 . 10 2 4 5 1 . 1 Storage 10 | . 1 . 2 . 2 . 1 . 1 . 1 . . . 2 Processor 8 | . . . . . . . 2 . 1 2 . 3 . . . Hackware . | . . . . . . . . . . . . . . . . Protection 19 | . . . 5 . 1 . 3 1 3 1 2 1 . 1 1 Artifact . | . . . . . . . . . . . . . . . . Weapon 82 | . 5 1 12 1 4 1 5 11 8 2 9 5 1 5 12 Energy Gun 31 | . 1 . 3 . . . 1 6 4 2 4 3 . . 7 Energy Cannon 9 | . . . 1 . 3 . 1 3 . . . . . . 1 Ballistic Gun 9 | . 2 1 6 . . . . . . . . . . . . Ballistic Cannon 14 | . . . . . . 1 2 1 1 . 3 2 . 2 2 Launcher 13 | . 1 . 1 1 1 . . . 2 . 1 . 1 3 2 Special Weapon . | . . . . . . . . . . . . . . . . Impact Weapon 2 | . 1 . 1 . . . . . . . . . . . . Slashing Weapon 4 | . . . . . . . 1 1 1 . 1 . . . . Piercing Weapon . | . . . . . . . . . . . . . . . . Special Melee Weapon . | . . . . . . . . . . . . . . . . Unidentified Prototypes 12 | . . . . . 3 . . 2 3 . . 3 . . 1 Parts Lost 13 | . . . . . . . . 3 . . . . . . 10 Power . | . . . . . . . . . . . . . . . . Propulsion 4 | . . . . . . . . 2 . . . . . . 2 Utility 5 | . . . . . . . . . . . . . . . 5 Weapon 4 | . . . . . . . . 1 . . . . . . 3 Highest Loss Streak 10 | . . . . . . . . 1 . . . . . . 10 Average Slot Usage (%) 94 | . 100 100 99 100 96 100 99 98 96 86 87 90 90 90 87 Core 8 | . . . 6 10 10 10 8 8 7 12 10 10 10 10 9 Treads 18 | . 1 . 13 30 30 30 25 24 25 12 11 10 10 10 9 Wheel 3 | . 31 37 15 . . . . . . . . . . . . Device 12 | . . . 4 10 10 10 15 16 13 11 15 15 15 15 14 Storage 7 | . 12 12 10 10 10 10 8 8 7 6 5 5 5 5 4 Processor 11 | . 12 12 5 . . . 7 8 13 18 16 20 20 20 19 Protection 8 | . . . 9 10 7 10 7 8 6 5 11 10 10 10 9 Energy Gun 9 | . 3 12 9 10 10 7 . 8 11 17 12 16 10 10 9 Energy Cannon 5 | . . . 4 10 9 10 14 8 7 . . . . . . Ballistic Gun 2 | . 20 4 15 1 . . . . . . . . . . . Ballistic Cannon 2 | . . . . . . 2 8 6 . . 3 3 5 6 5 Launcher 1 | . . 7 . 9 9 10 . . 1 . . . 4 3 4 Naked Turns 31 | . . . . . . . . . . . . . . . 31 Heaviest Build 157 | 18 32 32 41 42 63 65 68 68 72 78 107 110 112 115 157 Greatest Support 140 | 20 36 36 69 69 69 69 69 66 140 140 140 140 140 140 140 Greatest Overweight (x) 1 | . 1 . 1 . . . . 1 . . . . . . 1 Average Overweight (x) . | . . . . . . . . . . . . . . . . Largest Inventory Capacity 25 | 10 15 15 15 15 20 20 20 20 20 20 20 20 20 20 25 Average Capacity 19 | 10 12 15 15 15 19 20 20 20 20 20 20 20 20 20 23 Most Carried 25 | 7 15 15 15 15 20 19 20 20 20 20 20 20 20 20 25 Average Carried 19 | 7 11 14 14 15 16 18 19 19 19 19 19 19 20 20 23 Final Capacity 20 | 10 15 15 15 15 20 20 20 20 20 20 20 20 20 20 5 Final Carried 20 | 7 15 15 15 15 17 19 20 19 20 20 20 20 20 20 5 Class Distribution -------------------- 58% | Hacker-Gunner 19% | Hacker-Mutant 16% | Hacker-Skirmisher 4% | Hacker-Tank Dominant Class ---------------- Hacker-Mutant | -10/Materials Hacker-Mutant | -10/Mines Hacker-Gunner | -9/Materials Hacker-Mutant | -9/Mines Hacker-Mutant | -9/Exiles Hacker-Mutant | -8/Mines Hacker-Skirmisher | -8/Materials Hacker-Skirmisher | -8/Storage Hacker-Gunner | -7/Factory Hacker-Gunner | -6/Factory Hacker-Gunner | -5/Factory Hacker-Gunner | -4/Factory Hacker-Gunner | -4/Upper Caves Hacker-Gunner | -4/Upper Caves Hacker-Gunner | -4/Warlord Resources | -11 -10 -10 -9 -9 -9 -8 -8 -8 -7 -6 -5 -4 -4 -4 -4 ----------- Run | Scr Mat Min Mat Min Exi Min Mat Sto Fac Fac Fac Fac Upp Upp War Matter Collected 4010 | 200 154 81 626 49 . 78 419 461 425 80 468 250 90 186 443 Remotely . | . . . . . . . . . . . . . . . . Salvage Created 10374 | . 176 122 1327 249 . 115 1206 1231 1210 1051 1029 839 63 376 1380 Parts 486 | . 15 5 74 13 . 8 68 65 65 34 55 34 3 8 39 Haulers Intercepted 14 | . . . 6 . . . 3 4 1 . . . . . . Recyclers Shooed 5 | . 1 . 2 . . . . . . . 1 1 . . . Parts Field Recycled . | . . . . . . . . . . . . . . . . Retrieved Matter . | . . . . . . . . . . . . . . . . Parts Self-Destructed . | . . . . . . . . . . . . . . . . Prevented . | . . . . . . . . . . . . . . . . Kills | -11 -10 -10 -9 -9 -9 -8 -8 -8 -7 -6 -5 -4 -4 -4 -4 ------- Run | Scr Mat Min Mat Min Exi Min Mat Sto Fac Fac Fac Fac Upp Upp War Combat Hostiles Destroyed 176 | . 6 9 20 8 . . 23 15 23 12 18 8 2 6 26 Melee 1 | . . . . . . . . . . . . . . . 1 Guns 81 | . 6 5 12 4 . . 1 4 13 12 10 6 1 2 5 Cannons 59 | . . . 6 3 . . 21 10 7 . 4 1 1 1 5 AOE 26 | . . 4 1 1 . . . 1 2 . 2 . . 3 12 Classes Destroyed 20 | . 3 1 5 . . . 4 1 1 . 1 . . . 4 Worker 1 | . . . . . . . 1 . . . . . . . . Builder 6 | . . . . . . . 2 4 . . . . . . . Tunneler 4 | . 1 . . . . 2 . . . . 1 . . . . Hauler 14 | . . . 6 . . . 3 4 1 . . . . . . Recycler 11 | . . . 1 2 . 1 . 3 . 2 . 2 . . . Mechanic 1 | . . . . . . . 1 . . . . . . . . Operator 3 | . . . 2 . . . . . . . 1 . . . . Watcher 10 | . . . 1 . . . 4 1 3 . 1 . . . . Swarmer 34 | . 4 . 4 8 . . 7 . 3 . 3 . . 1 4 Saboteur 1 | . . . . . . . . . . . . . . . 1 Grunt 63 | . 2 2 6 . . . 8 7 5 8 5 2 2 3 13 Brawler 2 | . . . . . . . . . . . 1 . . 1 . Duelist 4 | . . . . . . . . 1 1 . . . . . 2 Protector 2 | . . . . . . . . . . . . . . . 2 Sentry 37 | . . . 10 . . . 7 7 5 3 . 4 . 1 . Hunter 2 | . . . . . . . 1 . . . 1 . . . . Programmer 20 | . . . . . . . . . 9 1 8 2 . . . Striker 1 | . . . . . . . . . . . . . . . 1 Executioner 3 | . . . . . . . . . . . . . . . 3 Assembled 7 | . . 7 . . . . . . . . . . . . . Best Kill Streak 16 | . 3 3 4 4 . 2 4 5 4 2 6 2 1 3 16 Combat Bots Only 16 | . 2 3 4 4 . . 3 3 4 2 6 2 1 3 16 Max Kills in Single Turn 7 | . 1 2 1 2 . 1 2 2 2 1 2 2 1 2 7 Gunslinging . | . . . . . . . . . . . . . . . . Exploded 6 | . . 2 1 1 . . . 1 1 . 1 . . 1 6 Melee 1 | . . . . . . . . . . . . . . . 1 Uniques/NPCs Destroyed . | . . . . . . . . . . . . . . . . Combat | -11 -10 -10 -9 -9 -9 -8 -8 -8 -7 -6 -5 -4 -4 -4 -4 -------- Run | Scr Mat Min Mat Min Exi Min Mat Sto Fac Fac Fac Fac Upp Upp War Damage Taken 6623 | . 49 80 509 38 . . 452 776 406 361 689 368 100 303 2492 Core 1419 | . 5 15 43 4 . . 54 40 23 31 52 13 . 50 1089 Absorbed by Shields 55 | . . . . . . . . . . . . . . . 55 Core Remaining (%) 92 | 100 . 92 . . . 88 . 82 96 96 94 . . . . Volleys Fired 382 | . 14 17 65 12 . 3 62 41 49 28 38 20 6 8 19 Largest 4 | . 2 2 3 3 . 1 3 3 3 3 3 4 4 4 4 Hottest 262 | . 40 80 136 149 . 68 184 194 203 215 207 262 147 164 244 Shots Fired 1050 | . 28 26 162 24 . 3 154 122 131 84 107 80 21 32 76 Gun 613 | . 28 23 139 9 . . 6 40 75 84 71 74 12 16 36 Cannon 407 | . . . 21 12 . 3 148 82 53 . 33 6 5 9 35 Launcher 30 | . . 3 2 3 . . . . 3 . 3 . 4 7 5 Special . | . . . . . . . . . . . . . . . . Kinetic 303 | . 28 7 100 . . . 39 37 4 . 33 6 5 9 35 Thermal 615 | . . 16 33 12 . 3 109 63 124 84 70 56 12 16 17 Explosive 15 | . . 3 2 3 . . . . 3 . . . 4 . . Electromagnetic 98 | . . . 27 9 . . 6 22 . . 4 18 . 7 5 Entropic 19 | . . . . . . . . . . . . . . . 19 Robot Hit Streak 68 | . 6 19 68 28 . 3 38 32 49 60 26 21 27 46 32 Robot Miss Streak 3 | . 1 3 2 1 . . 2 2 1 1 1 2 . 1 1 Penetration Max 1 | . . . . . . . . . . . . . . . 1 Secondary Targets 3 | . 1 . 1 . . . . . . 1 . . . . . Max Gunslinging Chain 1 | . 1 . 1 . . . . . . 1 . . . . . Shots Hit Robots 815 | . 21 20 130 15 . 3 113 87 107 69 81 62 19 26 62 Core Hits 431 | . 10 14 57 11 . 4 55 41 43 28 46 25 5 14 78 Critical Hits 35 | . . . 3 1 . . 11 6 4 . . 1 1 2 6 Critical Kills 11 | . . . 1 . . . 3 4 1 . . . . . 2 Critical Parts Destroyed 21 | . . . 2 1 . . 7 1 2 . . 1 1 2 4 Melee Attacks 7 | . 2 . . . . . 2 1 1 . 1 . . . . Impact 2 | . 2 . . . . . . . . . . . . . . Slashing 5 | . . . . . . . 2 1 1 . 1 . . . . Piercing . | . . . . . . . . . . . . . . . . Sneak Attacks . | . . . . . . . . . . . . . . . . Combat Hostiles . | . . . . . . . . . . . . . . . . Follow-up Attacks . | . . . . . . . . . . . . . . . . Damage Inflicted 24434 | . 213 435 2303 524 . 62 2548 2211 2830 1822 2955 1586 674 975 5296 Guns 12262 | . 213 224 1722 151 . . 84 713 1741 1822 1718 1441 271 399 1763 Cannons 7219 | . . . 343 164 . 61 2420 1247 845 . 725 145 177 199 893 Explosions 4880 | . . 211 230 209 . . . 251 244 . 512 . 226 377 2620 Melee 27 | . . . . . . . 27 . . . . . . . . Ramming 46 | . . . 8 . . 1 17 . . . . . . . 20 Kinetic 4663 | . 213 48 1076 . . . 545 520 122 . 725 145 177 199 893 Thermal 13587 | . . 176 668 164 . 61 1875 1311 2464 1822 1680 1090 271 444 1561 Explosive 993 | . . 211 46 209 . . . . 244 . 57 . 226 . . Electromagnetic 3764 | . . . 505 151 . . 84 380 . . 493 351 . 332 1468 Impact . | . . . . . . . . . . . . . . . . Slashing 27 | . . . . . . . 27 . . . . . . . . Piercing . | . . . . . . . . . . . . . . . . Entropic 1354 | . . . . . . . . . . . . . . . 1354 Highest Corruption 4 | . . . . . . . 4 4 1 2 3 1 1 1 1 Average Corruption 2 | . . . . . . . 2 4 1 1 2 1 1 1 1 Corruption Purged . | . . . . . . . . . . . . . . . . Effects 97 | . . . . . . . 26 36 10 6 14 . 3 1 1 Message Errors 33 | . . . . . . . 5 12 5 3 5 . 2 . 1 Matter Fused 13 | . . . . . . . 4 6 . . 3 . . . . Heat Flow Errors 13 | . . . . . . . 5 5 . . 3 . . . . Energy Discharges 18 | . . . . . . . 6 6 3 2 1 . . . . Parts Rejected 2 | . . . . . . . . 2 . . . . . . . Data Loss (minor) 17 | . . . . . . . 6 5 1 1 2 . 1 1 . Weapon Failures 1 | . . . . . . . . . 1 . . . . . . Overload Shots . | . . . . . . . . . . . . . . . . Overflow Damage 232 | . . . 65 10 . . 10 1 30 . 42 . 2 . 72 Projectiles 87 | . . . 13 . . . 3 1 1 . 42 . 2 . 25 Explosions 138 | . . . 52 10 . . . . 29 . . . . . 47 Melee 7 | . . . . . . . 7 . . . . . . . . Knockbacks 43 | . . . . . . . 6 7 . . 13 2 2 1 12 Impact . | . . . . . . . . . . . . . . . . Kinetic 34 | . . . . . . . 5 7 . . 10 2 2 1 7 Secondary 9 | . . . . . . . 1 . . . 3 . . . 5 Self-Inflicted Damage 200 | . . 9 63 . . . . 56 . . 62 . . . 10 Shots 8 | . . 1 2 . . . . 2 . . 3 . . . . Rammed 5 | . . . 1 . . 1 1 . . . . . . . 2 Targets Rammed 5 | . . . 1 . . 1 1 . . . . . . . 2 Kicked . | . . . . . . . . . . . . . . . . Crushed . | . . . . . . . . . . . . . . . . Highest Temperature 502 | . 9 54 348 75 . 4 233 416 198 45 502 390 7 . 69 Average Temperature 75 | . 9 19 67 24 . 3 63 58 53 11 161 90 7 . 33 Received Heat Transfer 1917 | . 18 47 228 . . . 306 405 96 150 108 111 12 123 313 Effects 15 | . . . 1 . . . . . . . 7 7 . . . Shutdowns 6 | . . . 1 . . . . . . . 4 1 . . . Energy Bleed 2 | . . . . . . . . . . . 1 1 . . . Interference 6 | . . . . . . . . . . . 1 5 . . . Matter Decay 1 | . . . . . . . . . . . 1 . . . . Siege Activations . | . . . . . . . . . . . . . . . . Robots Corrupted 6 | . . . 1 . . . . . . . 2 . . . 3 Combat Hostiles 6 | . . . 1 . . . . . . . 2 . . . 3 Parts Fried 23 | . . . 4 1 . . . 1 . . 7 . . . 10 Impact Corruptions 1 | . . . . . . . . . . . 1 . . . . Robots Melted 3 | . . . . . . . 1 . 1 . . 1 . . . Combat Hostiles 3 | . . . . . . . 1 . 1 . . 1 . . . Parts Melted 34 | . . . . . . . 6 2 10 6 3 3 1 3 . Heat Transferred 20315 | . . 518 1199 296 . 111 3330 1976 3700 2664 2270 1710 485 696 1360 Parts Sabotaged 8 | . . . . . . . . . . . . . . . 8 Parts Stolen . | . . . . . . . . . . . . . . . . Parts Stripped . | . . . . . . . . . . . . . . . . Power Chain Reactions 14 | . . . 2 . . . . 3 . . 1 . . 1 7 Missiles Intercepted . | . . . . . . . . . . . . . . . . Alert | -11 -10 -10 -9 -9 -9 -8 -8 -8 -7 -6 -5 -4 -4 -4 -4 ------- Run | Scr Mat Min Mat Min Exi Min Mat Sto Fac Fac Fac Fac Upp Upp War Peak Influence 276 | . 121 69 276 137 . 15 168 230 176 175 238 202 . . . Initial 33 | . . 4 3 . . . 3 . . 33 31 24 . . . Average 56 | . 32 36 75 47 . 2 53 73 40 68 64 106 . . . Maximum Alert Level 1 | . . . 1 . . . . 1 . . 1 1 . . . Low Security (%) 98 | 100 100 100 95 100 . 100 100 95 100 100 98 83 . . . Level 1 1 | . . . 4 . . . . 4 . . 1 16 . . . Level 2 . | . . . . . . . . . . . . . . . . Level 3 . | . . . . . . . . . . . . . . . . Level 4 . | . . . . . . . . . . . . . . . . Level 5 . | . . . . . . . . . . . . . . . . High Security . | . . . . . . . . . . . . . . . . Max Security . | . . . . . . . . . . . . . . . . Squads Dispatched 32 | . . . 2 . . . 3 1 12 5 7 2 . . . Investigation . | . . . . . . . . . . . . . . . . Extermination 19 | . . . . . . . . . 10 3 5 1 . . . Reinforcement 11 | . . . 2 . . . 1 1 2 2 2 1 . . . Assault . | . . . . . . . . . . . . . . . . Garrison 2 | . . . . . . . 2 . . . . . . . . Intercept . | . . . . . . . . . . . . . . . . Construction Impeded 2 | . . . . . . . 1 . . . 1 . . . . Haulers Reinforced 1 | . . . . . . . . . . 1 . . . . . Stealth | -11 -10 -10 -9 -9 -9 -8 -8 -8 -7 -6 -5 -4 -4 -4 -4 --------- Run | Scr Mat Min Mat Min Exi Min Mat Sto Fac Fac Fac Fac Upp Upp War Distress Signals 23 | . 1 2 4 . . . 5 3 3 2 . 1 . . 2 Communications Jammed . | . . . . . . . . . . . . . . . . Distress Signals . | . . . . . . . . . . . . . . . . Times Spotted 346 | . 15 8 49 7 . . 49 19 34 32 25 8 5 12 83 Peak Tracking Total 27 | . 4 3 5 3 . . 5 4 3 4 3 2 2 3 27 Tactical Retreats 26 | . . . 8 . . . 5 3 . 2 . . 1 3 4 Traps | -11 -10 -10 -9 -9 -9 -8 -8 -8 -7 -6 -5 -4 -4 -4 -4 ------- Run | Scr Mat Min Mat Min Exi Min Mat Sto Fac Fac Fac Fac Upp Upp War Traps Triggered 16 | . . . 3 . . . 4 3 . 4 2 . . . . Indirectly . | . . . . . . . . . . . . . . . . Trap Hack Attempts . | . . . . . . . . . . . . . . . . Triggered . | . . . . . . . . . . . . . . . . Disarmed 6 | . . . . . . . . . . . 6 . . . . Reprogrammed 9 | . . . 1 . . . 8 . . . . . . . . Reused 4 | . . . 1 . . . 3 . . . . . . . . Traps Extracted . | . . . . . . . . . . . . . . . . Installed . | . . . . . . . . . . . . . . . . Triggered 24 | . . . 1 . . . 3 . . . . . 1 . 19 Exploded 1 | . . . . . 1 . . . . . . . . . . Machines | -11 -10 -10 -9 -9 -9 -8 -8 -8 -7 -6 -5 -4 -4 -4 -4 ---------- Run | Scr Mat Min Mat Min Exi Min Mat Sto Fac Fac Fac Fac Upp Upp War Machines Disabled 14 | . . . . 1 . . 2 1 1 2 6 . . . 1 Max in Single Turn 2 | . . . . 1 . . 1 1 1 1 2 . . . 1 Garrison Access 3 | . . . . . . . . 1 . 1 1 . . . . Machines Sabotaged . | . . . . . . . . . . . . . . . . Garrisons Compromised . | . . . . . . . . . . . . . . . . Overloaded Fab Kills . | . . . . . . . . . . . . . . . . Fab Network Shutdowns . | . . . . . . . . . . . . . . . . Hacking | -11 -10 -10 -9 -9 -9 -8 -8 -8 -7 -6 -5 -4 -4 -4 -4 --------- Run | Scr Mat Min Mat Min Exi Min Mat Sto Fac Fac Fac Fac Upp Upp War Machines Accessed 88 | . 8 . 13 1 . . 16 7 20 7 9 3 . . 4 Terminals 53 | . 8 . 9 1 . . 12 4 11 2 4 2 . . . Fabricators 5 | . . . . . . . . . 2 2 . 1 . . . Repair Stations 15 | . . . 2 . . . 1 2 4 2 4 . . . . Recycling Units 2 | . . . 1 . . . 1 . . . . . . . . Scanalyzers 5 | . . . 1 . . . 2 . 2 . . . . . . Garrison Access 4 | . . . . . . . . 1 1 1 1 . . . . Total Hacks 309 | . 26 . 42 4 . . 88 24 65 18 22 9 . . 11 Successful 244 | . 15 . 34 3 . . 80 17 55 8 13 8 . . 11 Failed 65 | . 11 . 8 1 . . 8 7 10 10 9 1 . . . Catastrophic 2 | . . . . . . . . 1 . . . 1 . . . Database Lockouts . | . . . . . . . . . . . . . . . . Manual 118 | . 12 . 13 4 1 . 34 10 23 6 7 7 . . 1 Terminals 207 | . 26 . 30 4 . . 63 16 42 6 13 7 . . . Fabricators 15 | . . . . . . . . . 7 6 . 2 . . . Repair Stations 39 | . . . 9 . . . 4 6 8 4 8 . . . . Recycling Units 2 | . . . 1 . . . 1 . . . . . . . . Scanalyzers 29 | . . . 2 . . . 20 . 7 . . . . . . Garrison Access 6 | . . . . . . . . 2 1 2 1 . . . . Terminal Hacks 124 | . 14 . 20 2 . . 33 7 27 . 6 4 . . 11 Record 12 | . . . 1 . . . . . 1 . . . . . 10 Part Schematic 2 | . . . . . . . . . 2 . . . . . . Robot Analysis 5 | . 1 . 1 . . . 2 . 1 . . . . . . Prototype ID Bank 22 | . 6 . 5 1 . . 5 . 5 . . . . . . Open Door 3 | . . . . . . . . 2 . . . . . . 1 Level Access Points 2 | . . . . . . . . . 1 . . 1 . . . Branch Access Points 3 | . . . . . . . 1 . 1 . . 1 . . . Emergency Access Points 1 | . . . . . . . 1 . . . . . . . . Terminal Index 4 | . . . . . . . 1 . 1 . 1 1 . . . Fabricator Index 1 | . . . . . . . . . 1 . . . . . . Repair Station Index 2 | . . . . . . . 1 . 1 . . . . . . Scanalyzer Index 1 | . 1 . . . . . . . . . . . . . . Garrison Index 1 | . . . . . . . . . . . 1 . . . . Alert Level 6 | . 1 . 2 . . . 1 . 2 . . . . . . Unreport Threat 5 | . 1 . . . . . 2 2 . . . . . . . Locate Traps 22 | . 2 . 3 . . . 7 1 5 . 3 1 . . . Disarm Traps 1 | . . . . . . . . . . . 1 . . . . Reprogram Traps 3 | . . . 1 . . . 2 . . . . . . . . Dispatch Records 1 | . . . . . . . 1 . . . . . . . . Maintenance Status 1 | . . . . . . . 1 . . . . . . . . Patrol Status 1 | . . . . . . . 1 . . . . . . . . Transport Status 1 | . . . 1 . . . . . . . . . . . . Assault Status 1 | . . . 1 . . . . . . . . . . . . Recall Investigation 1 | . . . 1 . . . . . . . . . . . . Recall Reinforcements 1 | . . . 1 . . . . . . . . . . . . Hauler Manifests 8 | . 1 . 2 . . . 3 1 1 . . . . . . Registered Components 3 | . 1 . 1 . . . 1 . . . . . . . . Registered Prototypes 1 | . . . . . . . 1 . . . . . . . . Zone Layout 9 | . . . . 1 . . 2 1 5 . . . . . . Fabricator Hacks 9 | . . . . . . . . . 4 3 . 2 . . . Load Schematic 5 | . . . . . . . . . 3 1 . 1 . . . Build 4 | . . . . . . . . . 1 2 . 1 . . . Repair Station Hacks 33 | . . . 8 . . . 3 6 8 3 5 . . . . Scan Component 18 | . . . 4 . . . 2 3 4 2 3 . . . . Repair 15 | . . . 4 . . . 1 3 4 1 2 . . . . Recycling Unit Hacks 2 | . . . 1 . . . 1 . . . . . . . . Report Inventory 2 | . . . 1 . . . 1 . . . . . . . . Scanalyzer 29 | . . . 2 . . . 20 . 7 . . . . . . Insert Component 14 | . . . 1 . . . 10 . 3 . . . . . . Analyze 15 | . . . 1 . . . 10 . 4 . . . . . . Garrison Access Hacks 3 | . . . . . . . . 1 . 1 1 . . . . Seal Access 3 | . . . . . . . . 1 . 1 1 . . . . Unauthorized Hacks 44 | . 1 . 3 1 . . 23 3 9 1 1 2 . . . Terminals 43 | . 1 . 3 1 . . 23 3 8 1 1 2 . . . Track 10 | . 1 . 3 1 . . 4 1 . . . . . . . Assimilate 15 | . . . . . . . 10 1 3 . 1 . . . . Botnet 18 | . . . . . . . 9 1 5 1 . 2 . . . Fabricators . | . . . . . . . . . . . . . . . . Repair Stations . | . . . . . . . . . . . . . . . . Recycling Units . | . . . . . . . . . . . . . . . . Scanalyzers . | . . . . . . . . . . . . . . . . Garrison Access 1 | . . . . . . . . . 1 . . . . . . Reprogram 1 | . . . . . . . . . 1 . . . . . . Data Cores Recovered 1 | . . . 1 . . . . . . . . . . . . Used 1 | . . . 1 . . . . . . . . . . . . Hacking Detections 73 | . 8 . 12 1 . . 14 3 18 7 8 2 . . . Full Trace Events . | . . . . . . . . . . . . . . . . Feedback Events . | . . . . . . . . . . . . . . . . Feedback Blocked . | . . . . . . . . . . . . . . . . Robot Schematics Acquired . | . . . . . . . . . . . . . . . . Robots Built . | . . . . . . . . . . . . . . . . Matter . | . . . . . . . . . . . . . . . . Time . | . . . . . . . . . . . . . . . . Total Robot Build Rating . | . . . . . . . . . . . . . . . . Part Schematics Acquired 15 | . . . 1 . . . 9 . 5 . . . . . . Parts Built 6 | . . . . . . . . . 2 4 . . . . . Matter 716 | . . . . . . . . . 212 336 . 168 . . . Time 204 | . . . . . . . . . 53 67 . 84 . . . Total Part Build Rating 28 | . . . . . . . . . 12 16 . . . . . Parts Repaired 14 | . . . 4 . . . 1 2 4 1 2 . . . . Time 443 | . . . 128 . . . 13 127 106 19 50 . . . . Parts Recycled . | . . . . . . . . . . . . . . . . Recycled Matter . | . . . . . . . . . . . . . . . . Retrieved Matter . | . . . . . . . . . . . . . . . . Retrieved Components . | . . . . . . . . . . . . . . . . Parts Scanalyzed 13 | . . . 1 . . . 9 . 3 . . . . . . Part Schematics Acquired 13 | . . . 1 . . . 9 . 3 . . . . . . Parts Damaged . | . . . . . . . . . . . . . . . . Bothacking | -11 -10 -10 -9 -9 -9 -8 -8 -8 -7 -6 -5 -4 -4 -4 -4 ------------ Run | Scr Mat Min Mat Min Exi Min Mat Sto Fac Fac Fac Fac Upp Upp War Used RIF Installer . | . . . . . . . . . . . . . . . . Robots Hacked . | . . . . . . . . . . . . . . . . Non-combat . | . . . . . . . . . . . . . . . . Combat . | . . . . . . . . . . . . . . . . Robot Hacks Applied . | . . . . . . . . . . . . . . . . Relay Couplers Released . | . . . . . . . . . . . . . . . . Robots Rewired 4 | . . . . . . . . . . . . . . . 4 Allies Hacked . | . . . . . . . . . . . . . . . . Hacks Repelled . | . . . . . . . . . . . . . . . . Allies | -11 -10 -10 -9 -9 -9 -8 -8 -8 -7 -6 -5 -4 -4 -4 -4 -------- Run | Scr Mat Min Mat Min Exi Min Mat Sto Fac Fac Fac Fac Upp Upp War Total Allies 12 | . . . . . . . 4 . 3 . 1 . . . 4 Largest Group 4 | . . . . . . . 2 . 2 2 1 . . . 4 Highest-Rated Group 223 | . . . . . . . 20 . 63 36 26 . . . 223 Highest-Rated Ally 65 | . . . . . . . 10 . 37 26 26 . . . 65 Total Orders 23 | . . . . . . . 2 . 16 4 1 . . . . STAY 12 | . . . . . . . 1 . 8 2 1 . . . . FOLLOW 11 | . . . . . . . 1 . 8 2 . . . . . Ally Attacks 13 | . . . . . . . . . 7 . . . . . 6 Total Damage 603 | . . . . . . . . . 286 . . . . . 317 Kills 4 | . . . . . . . . . 4 . . . . . . Allies Corrupted . | . . . . . . . . . . . . . . . . Allies Melted 1 | . . . . . . . . . . . . . . . 1 Intel | -11 -10 -10 -9 -9 -9 -8 -8 -8 -7 -6 -5 -4 -4 -4 -4 ------- Run | Scr Mat Min Mat Min Exi Min Mat Sto Fac Fac Fac Fac Upp Upp War Robot Analysis Total 5 | . 1 . 1 . . . 2 . 1 . . . . . . Derelict Logs Recovered 5 | . . . . 2 . . . . . . . . 2 1 . Drone Launches . | . . . . . . . . . . . . . . . . Drone Recoveries . | . . . . . . . . . . . . . . . . Exploration | -11 -10 -10 -9 -9 -9 -8 -8 -8 -7 -6 -5 -4 -4 -4 -4 ------------- Run | Scr Mat Min Mat Min Exi Min Mat Sto Fac Fac Fac Fac Upp Upp War Turns Passed 24627 | 2 610 499 2416 996 765 314 3602 1733 5513 1963 2308 733 480 527 2166 Spaces Moved 12899 | 2 549 462 1491 584 451 176 1642 764 2871 992 1117 341 269 274 914 Core 58 | . . . . . . . . . . . . . . . 58 Treads 10966 | . . . 629 584 451 176 1642 764 2871 992 1117 341 269 274 856 Legs 38 | 2 36 . . . . . . . . . . . . . . Wheels 1837 | . 513 462 862 . . . . . . . . . . . . Hover . | . . . . . . . . . . . . . . . . Flight . | . . . . . . . . . . . . . . . . Fastest Speed 50 | 120 90 90 90 160 160 160 160 163 155 160 160 160 160 160 50 Average Speed 155 | 120 91 90 128 160 160 160 161 169 158 160 160 160 160 160 223 Slowest Speed 265 | 120 120 90 260 160 160 160 163 265 163 160 160 160 160 160 265 Overloaded Moves . | . . . . . . . . . . . . . . . . Propulsion Burnouts . | . . . . . . . . . . . . . . . . Robots Hopped . | . . . . . . . . . . . . . . . . Cave-ins Triggered . | . . . . . . . . . . . . . . . . Exploration Rate (%) 61 | 2 95 97 93 98 90 19 93 78 58 22 25 6 53 60 91 Regions Visited 15 Branch Regions 8 Pre-discovered Areas 1 | . . . . 1 . . . . . . . . . . . Known Exits Taken 15 | 1 1 1 1 1 1 1 1 1 1 1 1 1 1 1 . Unknown Exits Taken . | . . . . . . . . . . . . . . . . Scrap Searched 4 | . . . . . . . . . . . . . 2 2 . Spaces Dug 5 | . 1 . . . . . 1 1 1 . 1 . . . . Terrain Destroyed 250 | . 1 21 23 28 . . 8 31 11 . 49 2 36 6 34 Melee 5 | . 1 . . . . . 1 1 1 . 1 . . . . Projectile 57 | . . . . . . . 7 19 . . 9 2 . 6 14 AOE 188 | . . 21 23 28 . . . 11 10 . 39 . 36 . 20 Terrain Rammed . | . . . . . . . . . . . . . . . . Walls Destroyed . | . . . . . . . . . . . . . . . . Machines Disabled . | . . . . . . . . . . . . . . . . Actions | -11 -10 -10 -9 -9 -9 -8 -8 -8 -7 -6 -5 -4 -4 -4 -4 --------- Run | Scr Mat Min Mat Min Exi Min Mat Sto Fac Fac Fac Fac Upp Upp War Total 16678 | 1 626 522 1878 622 497 204 2478 1107 3753 1309 1560 485 304 340 992 Wait 2890 | . 26 37 250 26 29 22 710 262 738 265 360 84 27 50 4 Move 12884 | 1 548 461 1490 583 450 175 1641 763 2870 991 1116 340 268 273 914 Hop . | . . . . . . . . . . . . . . . . Pick Up 119 | . 13 3 18 . 4 2 20 11 17 9 9 8 . . 5 Fast Attach 47 | . 5 . 9 . 1 . 1 4 15 2 4 2 1 . 3 Attach 34 | . 1 . 3 . 3 . 2 7 2 2 4 4 . . 6 Detach 11 | . 1 . . . 3 . . . 5 . . 2 . . . Swap 111 | . 5 1 15 1 3 1 14 9 19 4 12 11 1 6 9 Drop 169 | . 11 3 27 . 4 . 25 9 37 8 16 14 1 1 13 Fire 382 | . 14 17 65 12 . 3 62 41 49 28 38 20 6 8 19 Melee 7 | . 2 . . . . . 2 1 1 . 1 . . . . Ram 3 | . . . 1 . . . . . . . . . . . 2 Kick . | . . . . . . . . . . . . . . . . Crush 2 | . . . . . . 1 1 . . . . . . . . Escape Stasis . | . . . . . . . . . . . . . . . . Rewire 19 | . . . . . . . . . . . . . . 2 17 Trap . | . . . . . . . . . . . . . . . . Miscellaneous . | . . . . . . . . . . . . . . . . Route ------- -11/Scrapyard -10/Materials (discovered 4 exits: *Mat x3 / *Min) -10/Mines (discovered 2 exits: *Mat x2) -9/Materials (discovered 4 exits: *Mat x2 / *Min x2) -9/Mines (discovered 3 exits: *Mat x2 / *Exi) -9/Exiles (discovered 2 exits: *Min x2) -8/Mines -8/Materials (discovered 5 exits: *Fac x3 / *Sto x2) -8/Storage -7/Factory (discovered 6 exits: *Fac x4 / Low x2) -6/Factory -5/Factory -4/Factory (discovered 6 exits: Res x4 / *Upp x2) -4/Upper Caves -4/Upper Caves -4/Warlord (discovered 1 exit: *Pro) History --------- Turn | Location | Event 1 | -11/Scrapyard | Identified exit to Materials 1 | -11/Scrapyard | Discovered exit to Materials (range 1) 3 | -11/Scrapyard | Entered Materials 3 | -10/Materials | Evolved 1 slot: Propulsion x1 120 | -10/Materials | Identified exit to Mines 120 | -10/Materials | Discovered exit to Mines (range 11) 164 | -10/Materials | Identified exit to Materials 164 | -10/Materials | Discovered exit to Materials (range 11) 309 | -10/Materials | Build established: Hacker-Mutant 314 | -10/Materials | Discovered exit to Materials (range 16) 430 | -10/Materials | Discovered exit to Materials (range 12) 613 | -10/Materials | Entered Mines 635 | -10/Mines | Assembled infested the area 895 | -10/Mines | Discovered exit to Materials (range 8) 1004 | -10/Mines | Discovered exit to Materials (range 6) 1066 | -10/Mines | Received a Rocket Launcher from a helpful Derelict 1112 | -10/Mines | Entered Materials 1112 | -9/Materials | Evolved 2 slots: Utility x1, Weapon x1 1507 | -9/Materials | Identified exit to Mines 1507 | -9/Materials | Discovered exit to Mines (range 7) 1602 | -9/Materials | Build established: Hacker-Gunner 1778 | -9/Materials | Repaired Arm. Wheel 1811 | -9/Materials | Repaired Arm. Wheel 1898 | -9/Materials | Repaired Imp. Ion Engine 1968 | -9/Materials | Repaired Hrd. Light Armor Plating 2074 | -9/Materials | Discovered exit to Mines (range 7) 2228 | -9/Materials | Identified exit to Materials 2228 | -9/Materials | Discovered exit to Materials (range 16) 2705 | -9/Materials | Build established: Hacker-Tank 2972 | -9/Materials | Discovered exit to Materials (range 16) 3528 | -9/Materials | Entered Mines 3552 | -9/Mines | Met a Derelict bent on vengeance 3637 | -9/Mines | Found a hidden stash of uninstalled traps 3679 | -9/Mines | Learned location of Storage (-8) 3690 | -9/Mines | Discovered exit to Materials (range 5) 3930 | -9/Mines | Learned Materials terminal intel 3930 | -9/Mines | Discovered exit to Materials (range 11) 3973 | -9/Mines | Build established: Hacker-Mutant 4518 | -9/Mines | Deemed a non-threat by the Exiles lab entrance 4518 | -9/Mines | Identified exit to Exiles 4518 | -9/Mines | Discovered exit to Exiles (range 5) 4524 | -9/Mines | Entered Exiles 4545 | -9/Exiles | Identified exit to Mines 4545 | -9/Exiles | Discovered exit to Mines (range 15) 4563 | -9/Exiles | Met 8R-AWN 4590 | -9/Exiles | Met EX-HEX 4701 | -9/Exiles | Met EX-DEC 4726 | -9/Exiles | Visited The Gauntlet 4959 | -9/Exiles | Met EX-BIN 4981 | -9/Exiles | Aligned with FarCom system 4983 | -9/Exiles | Given EX-Vault access code 5042 | -9/Exiles | Opened EX-Vault 5063 | -9/Exiles | Found Prototype Storage 5064 | -9/Exiles | Identified Superbattery 5081 | -9/Exiles | Found Prototype Energy Cannon 5082 | -9/Exiles | Identified Gui. Plasma Cannon 5094 | -9/Exiles | Found Prototype Energy Cannon 5094 | -9/Exiles | Identified Firepult 5120 | -9/Exiles | Exiles lab attacked by MAIN.C 5243 | -9/Exiles | Discovered exit to Mines (range 10) 5289 | -9/Exiles | Left Exiles lab with Gui. Plasma Cannon 5289 | -9/Exiles | Entered Mines 5313 | -8/Mines | Discovered exit to Materials (range 8) 5603 | -8/Mines | Entered Materials 5603 | -8/Materials | Evolved 2 slots: Utility x2 5604 | -8/Materials | Loaded intel: 12 terminal locations 6643 | -8/Materials | Build established: Hacker-Skirmisher 6834 | -8/Materials | Repaired Lgt. Armor Plating 6934 | -8/Materials | Identified exit to Factory 6934 | -8/Materials | Discovered exit to Factory (range 15) 7469 | -8/Materials | Identified exit to Storage 7693 | -8/Materials | Discovered exit to Factory (range 4) 8152 | -8/Materials | Discovered exit to Factory (range 5) 8798 | -8/Materials | Build established: Hacker-Mutant 9014 | -8/Materials | Garrison activated, responded to threat 9205 | -8/Materials | Entered Storage 9233 | -8/Storage | Build established: Hacker-Skirmisher 10743 | -8/Storage | Discovered exit to Factory (range 9) 10865 | -8/Storage | Repaired Arm. Treads 10917 | -8/Storage | Repaired Adv. Beam Cannon 10938 | -8/Storage | Entered Factory 10938 | -7/Factory | Evolved 2 slots: Propulsion x1, Utility x1 11300 | -7/Factory | Build established: Hacker-Gunner 12181 | -7/Factory | Identified exit to Factory 12181 | -7/Factory | Discovered exit to Factory (range 10) 13277 | -7/Factory | Repaired Imp. Heavy Laser 13878 | -7/Factory | Repaired Imp. Treads 14232 | -7/Factory | Repaired Imp. Heat Sink 14660 | -7/Factory | Found Rocket Array 15232 | -7/Factory | Identified exit to Lower Caves 15410 | -7/Factory | Fabricated Hvy. Treads (x2) 16153 | -7/Factory | Repaired Adv. Treads 16451 | -7/Factory | Entered another Factory area 16451 | -6/Factory | Accompanied by 2 allies 16451 | -6/Factory | Evolved 2 slots: Power x1, Utility x1 16734 | -6/Factory | Repaired Hrd. Medium Armor Plating 17146 | -6/Factory | Identified exit to Factory 17146 | -6/Factory | Discovered exit to Factory (range 15) 17412 | -6/Factory | Fabricated Adv. Treads (x2) 18076 | -6/Factory | Fabricated Adv. Heat Sink (x2) 18414 | -6/Factory | Entered another Factory area 18414 | -5/Factory | Evolved 2 slots: Utility x2 19957 | -5/Factory | Repaired Rnf. Fission Core 20500 | -5/Factory | Identified exit to Factory 20500 | -5/Factory | Discovered exit to Factory (range 15) 20596 | -5/Factory | Repaired Energy Filter 20722 | -5/Factory | Entered another Factory area 20722 | -4/Factory | Evolved 2 slots: Utility x1, Weapon x1 20779 | -4/Factory | Identified exit to Upper Caves 20991 | -4/Factory | Identified exit to Research 21455 | -4/Factory | Entered Upper Caves 21576 | -4/Upper Caves | Learned 4 Research zone layouts 21847 | -4/Upper Caves | Learned location of 1 exit from Research 21899 | -4/Upper Caves | Identified exit to Upper Caves 21899 | -4/Upper Caves | Discovered exit to Upper Caves (range 9) 21935 | -4/Upper Caves | Entered another Upper Caves area 22248 | -4/Upper Caves | Attracted the attention of an 0b10 checkpoint 22382 | -4/Upper Caves | Identified exit to Warlord 22462 | -4/Upper Caves | Entered Warlord 22562 | -4/Warlord | System corruption cleaned by Quarantine Array 22761 | -4/Warlord | Found Prototype Energy Gun 23762 | -4/Warlord | Warlord's base attacked by MAIN.C 23858 | -4/Warlord | Found Prototype Energy Gun 23858 | -4/Warlord | Identified Vortex Shotgun 24112 | -4/Warlord | Warlord forces counterattacked 24378 | -4/Warlord | Spotted Executioner 24382 | -4/Warlord | Spotted Executioner 24390 | -4/Warlord | Spotted B-90 Cyclops 24410 | -4/Warlord | Destroyed 16 combat bots 24411 | -4/Warlord | Spotted Striker 24413 | -4/Warlord | Met Warlord 24438 | -4/Warlord | Destroyed Executioner 24445 | -4/Warlord | Destroyed Executioner 24454 | -4/Warlord | Spotted B-86 Titan 24519 | -4/Warlord | Spotted Striker 24519 | -4/Warlord | Spotted Executioner 24531 | -4/Warlord | Destroyed Striker 24538 | -4/Warlord | Destroyed Executioner 24567 | -4/Warlord | Spotted Striker 24570 | -4/Warlord | Spotted Striker 24585 | -4/Warlord | Spotted Executioner 24597 | -4/Warlord | Released all parts (12) 24607 | -4/Warlord | Spotted Executioner 24608 | -4/Warlord | Spotted B-90 Cyclops 24614 | -4/Warlord | Spotted B-86 Titan 24615 | -4/Warlord | Core integrity fell below 50% 24620 | -4/Warlord | Core integrity fell below 20% 24627 | -4/Warlord | Identified exit to Proximity Caves 24627 | -4/Warlord | Discovered exit to Proximity Caves (range 15) 24628 | -4/Warlord | Lost 10 parts (2n5u3w) 24628 | -4/Warlord | Destroyed by S-27 Virus with Autogun Last Messages --------------- 01001100 01110010 01100101 01110100 01110101 01110010 01101110" 24603_ Warlord destroyed. 24605_ Slug penetrates Wall. 24608_ Slug penetrates System Quarantine Field Array. 24611_ Penetrated by Slug. 24612_ Slug penetrates Wall. 24612_ Slug penetrates Striker. 24612_ Striker suffers critical hit. 24612_ Striker destroyed. 24614_ Penetrated by Slug. 24615_ Slammed into B-60 Warrior. 24615_ Penetrated by Slug. 24616_ Slammed into S-43 Plague. 24616_ Destabilizing: Core damaged (-23). 24619_ Knocked back. 24619_ Slug penetrates I-47 Archangel. 24619_ Slug penetrates B-90 Cyclops. 24625_ Penetrated by Slug. 24625_ Slug penetrates Wall. 24627_ EXIT=FOUND: PROXIMITY CAVES Map ----- +----------------------------------------------------+ | ????????????????????????????????????? | | ????????????????????????????????????? | | ????????????????????????????????????? | | ###?????????????????????????????????? | | #?????????????????????????????????? | | #?????????????????????????????????? | | ###?????????????????????????????????? | | ????????????????????????????????????? | | ????????????????????????????????????? | | ????????????????????????????????????? | | ????????????????????????????????????? | | ?????????????????????????????#??????? | | ????????????????????????????? ##???? | | ???????????????????????????? ##?? | | ??????????????????????????? > #?? | | ??????????????????????????? ??? | | ?????????????? ?????????? #??? | | ?????????????? ?????????? = ;#??? | | ??????????????? ????????? %* ;#??? | | ????????????????# ???????? ;;???? | | ????????????????#; ?###### ;;????? | | ?????????????????# ##;;; #?????? | | ?????????????????# ??????? | | ??????????????????# #?????##? | | ?""#???????????????# #????? #? | | #""#???????????????#; @ ##??? ?? | | #""#???????????????# ##? #?? | | ""#??###??????????## K ;# ## | | #""#?## #??????????# # ; # # | | ""###=###?????????#?# # ;# = # | | ]""==[! ##########??###;; s ; !*% # | | =""%%[%" """""""#????# ; ==%= # | | [""%*==! """"""#?#### ;; %!! != =< | | |%!![!%%] ### ##ss %*=%[/ < | | *!!%[%]= % % / s ;;%/!#### | | !!%=]%=% [%/ ;##; =#??? | | %=%!![! # # ###?# #??? | | %""[%! """"""""""##### #???? ##?? | | %""% """""""""""#???# #??#? #?? | | "" "############??? ;#?? # #?? | | #""#####????????????? #?? #?? | | #""#???????????????? ?? #?? | | #""#???????????????? % # ? ???? | | #""#??????????????? ???? | | #""#?????????????? #???? | | #""#?????????????? # # #???? | | ?????????????????? ?#### #???? | | ?????????????????? ?????# ##??? | | ??????????????????## ##????## #??? | | ###??????????????## ##??## #??? | +----------------------------------------------------+ Best States ------------- Heat Dissipation 91 Coolant Potential 80 Energy Generation 32 Energy Capacity 380 Matter Stores 300 Matter Capacity 300 Sight Range 22 Terrain Scan Density 10 ECM Strength 3 Base Temperature (-) 150 Armor Coverage 450 Resistance: KI 35 Resistance: TH 35 Resistance: EX 35 Resistance: EM 35 Resistance: I 35 Resistance: S 35 Resistance: P 35 Evasion (%) 55 Targeting Accuracy 24 Recoil Reduction 4 Energy Filtering 30 Offensive Hacking 20 Item Schematics ----------------- Hrd. Light Armor Plating | -9/Materials | Scanalyzed Hcp. Storage Unit | -8/Materials | Scanalyzed Adv. Beam Cannon | -8/Materials | Scanalyzed Imp. Treads | -8/Materials | Scanalyzed Imp. EM Shotgun | -8/Materials | Scanalyzed Lgt. Nuclear Core | -8/Materials | Scanalyzed EM Pulse Cannon | -8/Materials | Scanalyzed Adv. Assault Cannon | -8/Materials | Scanalyzed Hacking Suite | -8/Materials | Scanalyzed Lyr. Light Armor Plating | -8/Materials | Scanalyzed Adv. Treads | -7/Factory | Scanalyzed Hpw. Electrolaser | -7/Factory | Scanalyzed Nuclear Pulse Thruster | -7/Factory | Hacked Adv. Targeting Computer | -7/Factory | Scanalyzed Hvy. Treads | -7/Factory | Hacked Robot Schematics ------------------ None Fabricated ------------ Hvy. Treads | x2 | -7/Factory Adv. Treads | x2 | -6/Factory Adv. Heat Sink | x2 | -6/Factory | Preloaded Alien Tech Used ----------------- None Achievements -------------- A Powerful Ally? I Survived The Infestation Tank Challenges ------------ None Game ------ Seed TiamatLaserAccelerator Manual? 0 Play Time 05:07:07 Cumulative 133.7 hours Start 2021.03.04 @ 21:39:02 End 2021.03.13 @ 02:29:05 Sessions 5 Manual Loads 0 Difficulty Explorer Special Mode None Game No. 71 Rogue 68 Adventurer 0 Explorer 3 Win Type - Total 1 Types 1/0/0/0/0/0/0/0/0 Lore% 46 Gallery% 53 Achievement% 41 Wizard Run 0 Options --------- ASCII 1 Keyboard 1 Movement Numpad Keybinds 0 Fullscreen 1 Font 18/SmallcapsGlow Map View 76x50 Tactical HUD 1 Map Filters NONE Filters NONE Steam 1 RUN: d7698cc6-5c3d-48cc-8519-b10549f50712